 Dungeon Crawl Stone Soup version 0.30-a0-937-ga0a21ad780 (webtiles) character file.

Game seed: 2990755410377743172

14 BlueFish the Grasshopper (level 2, 0/19 HPs)
             Began as an Octopode Warper on Mar 24, 2023.
             Succumbed to a goblin's poison
             ... on level 1 of the Dungeon.
             The game lasted 00:01:10 (418 turns).

BlueFish the Grasshopper (Octopode Warper)           Turns: 418, Time: 00:01:10

Health: 0/19       AC:  1    Str: 10    XL:     2   Next: 41%
Magic:  5/5        EV: 13    Int: 15    God:
Gold:   0          SH:  0    Dex: 11    Spells: 5/5 levels left

rFire   . . .      SeeInvis .      - Unarmed
rCold   . . .      Faith    .    (no shield)
rNeg    . . .      Spirit   .    (helmet restricted)
rPois   .          Reflect  .    (no amulet)
rElec   .          Rampage  .    (no ring)
rCorr   .                        (no ring)
Will    .....                    (no ring)
Stlth   +++                      (no ring)
HPRegen 0.23/turn                (no ring)
MPRegen 0.09/turn                (no ring)
                                 (no ring)
                                 (no ring)

@: lethally poisoned (0 -> -10)
A: almost no armour, amphibious, 8 rings, camouflage 1, gelatinous body 1,
(nimble swimmer 1), tentacles
a: no special abilities


You were on level 1 of the Dungeon.
You visited 1 branch of the dungeon, and saw 1 of its levels.

Inventory:

Missiles
 b - 7 boomerangs of dispersal (quivered)
 c - 5 poisoned darts
 d - 3 javelins
Scrolls
 a - 2 scrolls of blinking


   Skills:
 + Level 2.1 Fighting
 + Level 1.2 Throwing
 + Level 2.4 Dodging
 * Level 1.3 Stealth
 + Level 2.1 Unarmed Combat
 + Level 2.1 Spellcasting
 + Level 3.1 Translocations


You had 5 spell levels left.
You didn't know any spells.
Your spell library contained the following spells:

 Spells                   Type           Power      Damage    Failure   Level
 Blink                    Tloc           20%        N/A       10%         2
 Lesser Beckoning         Tloc           20%        N/A       10%         2
 Teleport Other           Tloc           10%        N/A       19%         3
 Vhi's Electric Charge    Tloc/Air       12%        N/A       34%         3
 Manifold Assault         Tloc           10%        N/A       52%         4


Dungeon Overview and Level Annotations

Branches:
Dungeon (1/15)

Altars:


Innate Abilities, Weirdness & Mutations

You cannot wear most types of armour.
You are amphibious.
You can wear up to eight rings at the same time.
Your skin changes colour to match your surroundings (Stealth+).
Your rubbery body absorbs attacks. (AC +1, EV +1)
((You are camouflaged when in or above water. (Stealth+)))
You have tentacles for arms and can constrict up to eight enemies at once.


Message History

You barely miss the kobold. Your grab misses the kobold.
The kobold barely misses you.
You closely miss the kobold. You grab the kobold. You constrict the kobold.
The kobold barely misses you.
You barely miss the kobold. You squeeze the kobold.
You kill the kobold!
Things that are here:
a +0 dagger; a kobold corpse A ball python comes into view.
The ball python closely misses you. The ball python misses you.
The ball python bites you. The ball python grabs you.
The ball python constricts you.
You are too injured to fight recklessly!
You are too injured to fight recklessly!
You barely miss the ball python. Your grab misses the ball python.
You squeeze the ball python.
You kill the ball python!
You see here a ball python corpse.
A goblin comes into view. It is wielding a +1 dagger of venom.
The goblin shouts!
The goblin completely misses you.
You tentacle-slap the goblin but do no damage.
Your grab misses the goblin.
The goblin hits you with a +1 dagger of venom.
You are poisoned.
You are too injured to fight recklessly!
You barely miss the goblin. You grab the goblin. You constrict the goblin.
You feel very sick.
The goblin hits you with a +1 dagger of venom.
You are more poisoned.
You tentacle-slap the goblin.
You kill the goblin!
You feel very sick.
You aren't carrying any potions.
* * * LOW HITPOINT WARNING * * *
You feel very sick.
Things that are here:
a +1 dagger of venom; a goblin corpse
Okay, then.
You die...

####....#######.#.#.#
........# #.#.#.#
####.†..# #.....#
#..#.# ###.### #....#
#.# ##.### ######.#
#+# #......# #......#
#....@)# #.....##
#.....# +.......
####.... #.....
#..... .......


There were no monsters in sight!

Vanquished Creatures
  A dart slug (D:1)
  3 ball pythons (D:1)
  A bat (D:1)
  A goblin (D:1)
  2 hobgoblins (D:1)
  A kobold (D:1)
  A frilled lizard (D:1)
  A rat (D:1)
11 creatures vanquished.

Notes
Turn   | Place    | Note
-------+----------+-------------------------------------------
     0 | D:1      | BlueFish the Octopode Warper began the quest for the Orb.
     0 | D:1      | Reached XP level 1. HP: 14/14 MP: 3/3
    35 | D:1      | Reached skill level 1 in Stealth
    47 | D:1      | Reached XP level 2. HP: 19/19 MP: 5/5
   418 | D:1      | Succumbed to a goblin's poison

Illustrated notes

Levels and vault maps discovered:
D:1:      mrwooster_arrival_statue, layout_loops_corners,
          hangedman_decor_peaks_small

Skill      XL: |  1 |
---------------+----+-----
Stealth        | 1 |  1.3
Fighting       | |  2.1
Throwing       | |  1.2
Dodging        | |  2.4
Unarmed Combat | |  2.1
Spellcasting   | |  2.1
Translocations | |  3.1

Action                     || total
---------------------------++-------
  Melee: Unarmed           ||    24
         Constrict         ||     9
         Tentacles         ||     5
   Stab: Sleeping          ||     2
 Armour: Skin              ||     1
  Dodge: Dodged            ||    24

Table legend: (Time is in decaauts)
 A = Elapsed time spent in this place.
 B = Non-inter-level travel time spent in this place.
 C = Inter-level travel time spent in this place.
 D = Time resting spent in this place.
 E = Time spent auto-exploring this place.
 F = Levels seen in this place.
 G = Mean time per level.
                   A        B        C        D        E       F      G
               +--------+--------+--------+--------+--------+-----+--------+
         Total |    417 |    417 |      0 |      0 |    324 |   1 |  417.0 |
       Dungeon |    417 |    417 |      0 |      0 |    324 |   1 |  417.0 |
               +--------+--------+--------+--------+--------+-----+--------+

Top non-repeatable levels by time:
     D:1: 417 daAuts
